AoeStats
← sakeone

Arabia

509120837Analyzed
1v1 RM · 8d ago on Sep 25, 2026· 112m 44s· 2 players
Game mode
Random Map
Map size
Tiny (2 player)
Population
200
Speed
Normal
Resources
Standard
Victory
Conquest
Starting age
Dark Age
Ending age
Imperial Age
RankedLock teamsTeams togetherTeam positionsShared explorationLock speedFull tech treeHidden civsTurbo modeCheats
Victory
Defeat
🇪🇸 Danes · Spain
586
+14
🇧🇷 Britons · Brazil
532
-14
sakeone
2:39 Loom
9:11 Feudal Age
9:49 Double-Bit Axe
20:16 Stone Mining
20:53 Fletching
22:47 Wheelbarrow
29:04 Town Watch
32:10 Castle Age
30:13 Gold Mining
31:50 Horse Collar
33:25 Bodkin Arrow
36:40 Bow Saw
36:18 Pikeman
37:00 Squires
37:20 Masonry
37:21 Scale Mail Armor
37:32 Forging
38:29 Sanctity
43:30 Hand Cart
43:44 Hand Cart
46:05 Bloodlines
45:16 Light Cavalry
49:06 Scale Barding Armor
49:38 Iron Casting
49:59 Husbandry
52:30 Chain Barding Armor
54:06 Heavy Plow
59:49 Imperial Age
61:00 Block Printing
62:27 Conscription
66:55 Plate Barding Armor
67:21 Blast Furnace
68:31 Bracer
70:29 Theocracy
75:17 Town Patrol
81:07 Fervor
84:54 Heavy Scorpion
89:34 Gold Shaft Mining
88:44 Onager
89:16 Northmen's Fury
Charizard
7:49 Loom
10:43 Feudal Age
24:05 Man-at-Arms
30:02 Castle Age
30:21 Crossbowman
30:23 Elite Skirmisher
38:27 Fletching
38:38 Padded Archer Armor
38:41 Scale Mail Armor
38:52 Forging
38:48 Scale Barding Armor
39:37 Wheelbarrow
38:50 Double-Bit Axe
38:50 Horse Collar
39:05 Gold Mining
39:05 Stone Mining
45:07 Ballistics
53:01 Pikeman
53:42 Squires
53:28 Arson
63:47 Bodkin Arrow
64:48 Husbandry
66:43 Iron Casting
66:24 Chain Mail Armor
66:25 Leather Archer Armor
66:31 Chain Barding Armor
74:12 Imperial Age
71:57 Hand Cart
80:49 Imperial Age
78:35 Hand Cart
81:24 Halberdier
83:21 Bracer
86:20 Chemistry
89:16 Heavy Scorpion
93:11 Warwolf
94:43 Bow Saw
Connection lost

Rejoining the realm…

Still unreachable

The connection could not be restored.

Session expired

The server has moved on; the page needs a fresh start.